General information
- name: BNet
- type: Ladder team game (AT/RT)
- host: Battle.net
- saver: sc2no.wc4yes
map: FullScaleAssault
- players: 8
- length: 41:51
- speed: Fast
- version: 1.24 W3XP
- replay type: Public
» download(293 KB)
Players
team 1 (loser)
YetiofDestiny (
purple | 42 APM | 1756 actions | 41:34)
6 Blademaster
3 Wind Walk
2 Critical Strike
1 Bladestorm
6 Far Seer
3 Feral Spirit
3 Chain Lighting
» actions
| Assign group hotkey | 45 | |
| Basic commands | 275 | |
| Build / train | 61 | |
| Enter build submenu | 16 | |
| Enter hero's abilities submenu | 12 | |
| Right click | 640 | |
| Select / deselect | 326 | |
| Select group hotkey | 315 | |
| Use ability | 66 | |
1756 total
» units
| Peon | 7 | |
| Wind Rider | 6 | |
| Blue Drake | 1 | |
| Blue Dragon | 2 | |
| Troll Batrider | 6 | |
| Shaman | 5 | |
| Troll Witch Doctor | 5 | |
32 total
» upgrades
| Armor | 3 | |
| Ranged Weapons | 3 | |
| Envenomed Spears | 1 | |
| Shaman Training | 2 | |
| Witch Doctor Training | 2 | |
| Reinforced Defenses | 1 | |
12 total
» buildings
| Altar of Storms | 1 | |
| Orc Burrow | 9 | |
| War Mill | 1 | |
| Stronghold | 1 | |
| Voodoo Lounge | 1 | |
| Beastiary | 2 | |
| Fortress | 1 | |
| Spirit Lodge | 2 | |
18 total
» build order
00:06 Altar of Storms
00:12 Orc Burrow
01:49 War Mill
01:57 Stronghold
02:37 Orc Burrow
04:02 Voodoo Lounge
04:07 Orc Burrow
04:31 Beastiary
04:34 Beastiary
05:55 Fortress
06:01 Orc Burrow
08:51 Orc Burrow
08:54 Orc Burrow
09:57 Orc Burrow
13:44 Spirit Lodge
13:47 Spirit Lodge
38:49 Orc Burrow
39:39 Orc Burrow
» items

»
xInFaMoUs187 (
green | 46 APM | 1932 actions | 41:48)
5 Blademaster
3 Wind Walk
2 Critical Strike
4 Shadow Hunter
2 Healing Wave
2 Hex
» actions
| Assign group hotkey | 20 | |
| Basic commands | 9 | |
| Build / train | 76 | |
| Enter build submenu | 21 | |
| Enter hero's abilities submenu | 10 | |
| Give item / drop item | 2 | |
| Remove unit from queue | 1 | |
| Right click | 969 | |
| Select / deselect | 397 | |
| Select group hotkey | 352 | |
| Use ability | 75 | |
1932 total
» units
| Peon | 18 | |
| Grunt | 4 | |
| Wind Rider | 8 | |
| Shaman | 3 | |
| Troll Witch Doctor | 4 | |
| Demolisher | 4 | |
41 total
» upgrades
| Shaman Training | 2 | |
| Witch Doctor Training | 2 | |
| Envenomed Spears | 1 | |
| Armor | 3 | |
| Ranged Weapons | 3 | |
| Burning Oil | 1 | |
12 total
» buildings
| Altar of Storms | 1 | |
| Orc Burrow | 8 | |
| Barracks | 1 | |
| Voodoo Lounge | 1 | |
| War Mill | 1 | |
| Stronghold | 1 | |
| Great Hall | 2 | |
| Spirit Lodge | 3 | |
| Fortress | 1 | |
| Beastiary | 3 | |
22 total
» build order
00:23 Altar of Storms
00:25 Orc Burrow
00:41 Barracks
02:06 Orc Burrow
02:31 Voodoo Lounge
02:54 War Mill
03:17 Stronghold
04:21 Orc Burrow
06:27 Great Hall
06:41 Spirit Lodge
07:50 Fortress
07:58 Spirit Lodge
08:00 Beastiary
08:01 Beastiary
08:05 Spirit Lodge
08:07 Beastiary
08:10 Orc Burrow
08:57 Orc Burrow
12:17 Orc Burrow
14:34 Orc Burrow
18:17 Orc Burrow
31:21 Great Hall
» items
| Healing Salve | 3 | |
| Orb of Lightning | 1 | |
| Lesser Clarity Potion | 2 | |
| Periapt of Vitality | 1 | |
| Scroll of Town Portal | 2 | |
9 total
ggyy1 (
yellow | 90 APM | 3765 actions | 41:39)
5 Mountain King
2 Thunder Clap
3 Storm Bolt
4 Paladin
2 Holy Light
2 Divine Shield
» actions
| Assign group hotkey | 51 | |
| Basic commands | 55 | |
| Build / train | 104 | |
| Enter build submenu | 20 | |
| Enter hero's abilities submenu | 9 | |
| Give item / drop item | 4 | |
| Right click | 1919 | |
| Select / deselect | 406 | |
| Select group hotkey | 1079 | |
| Use ability | 117 | |
3765 total
» units
| Peasant | 23 | |
| Goblin Shredder | 1 | |
| Mortar Team | 6 | |
| Priest | 8 | |
| Knight | 9 | |
| Siege Engine | 9 | |
| Goblin Zeppelin | 1 | |
57 total
» upgrades
| Masonry | 3 | |
| Gunpowder | 3 | |
| Flare | 1 | |
| Fragmentation Shards | 1 | |
| Swords | 3 | |
| Plating | 3 | |
| Priest Training | 2 | |
| Barrage | 1 | |
| Animal War Training | 1 | |
| Armor | 3 | |
21 total
» buildings
| Lumber Mill | 1 | |
| Altar of Kings | 1 | |
| Farm | 13 | |
| Scout Tower | 1 | |
| Arcane Tower | 1 | |
| Town Hall | 2 | |
| Keep | 1 | |
| Blacksmith | 2 | |
| Arcane Vault | 1 | |
| Barracks | 2 | |
| Workshop | 2 | |
| Arcane Sanctum | 1 | |
| Castle | 1 | |
29 total
» build order
00:11 Lumber Mill
00:15 Altar of Kings
00:22 Farm
00:52 Farm
01:24 Scout Tower
01:31 Farm
01:54 Arcane Tower
02:10 Farm
03:34 Town Hall
03:46 Keep
04:36 Blacksmith
04:41 Arcane Vault
05:44 Barracks
06:34 Workshop
07:48 Workshop
08:20 Arcane Sanctum
08:29 Farm
09:01 Castle
09:55 Blacksmith
09:59 Barracks
12:17 Farm
12:18 Farm
12:18 Farm
12:19 Farm
12:19 Farm
12:20 Farm
12:21 Farm
13:57 Farm
19:01 Town Hall
» items
| Staff of Teleportation | 2 | |
| Boots of Speed | 2 | |
| Healing Salve | 1 | |
| Scroll of Town Portal | 2 | |
| Potion of Lesser Invulnerability | 1 | |
| Orb of Lightning | 1 | |
| Orb of Fire | 1 | |
10 total

»
trader0216 (
blue | 24 APM | 1006 actions | 41:42)
4 Priestess of the Moon
2 Trueshot Aura
1 Searing Arrows
1 Scout
1 Keeper of the Grove
1 Thorns Aura
» actions
| Assign group hotkey | 33 | |
| Basic commands | 5 | |
| Build / train | 100 | |
| Enter build submenu | 34 | |
| Enter hero's abilities submenu | 5 | |
| Give item / drop item | 5 | |
| Right click | 277 | |
| Select / deselect | 351 | |
| Select group hotkey | 134 | |
| Use ability | 62 | |
1006 total
» units
| Wisp | 29 | |
| Archer | 5 | |
| Hippogryph | 8 | |
| Chimaera | 2 | |
| Dryad | 19 | |
| Goblin Zeppelin | 2 | |
65 total
» upgrades
| Strength of the Moon | 2 | |
| Improved Bows | 1 | |
| Moon Armor | 2 | |
| Hippogryph Taming | 1 | |
| Corrosive Breath | 1 | |
| Strength of the Wild | 3 | |
| Reinforced Hides | 3 | |
| Abolish Magic | 1 | |
| Ultravision | 1 | |
15 total
» buildings
| Moon Well | 15 | |
| Hunter's Hall | 1 | |
| Ancient Protector | 3 | |
| Ancient of War | 1 | |
| Ancient of Wonders | 2 | |
| Altar of Elders | 1 | |
| Tree of Ages | 2 | |
| Tree of Eternity | 2 | |
| Ancient of Wind | 3 | |
| Chimaera Roost | 2 | |
| Ancient of Lore | 5 | |
| Tree of Life | 2 | |
39 total
» build order
00:18 Moon Well
00:51 Hunter's Hall
01:02 Moon Well
02:02 Ancient Protector
02:15 Ancient Protector
02:43 Ancient of War
02:59 Ancient of Wonders
03:12 Altar of Elders
03:51 Tree of Ages
04:17 Moon Well
05:05 Moon Well
06:14 Tree of Eternity
06:22 Ancient of Wind
06:23 Ancient of Wind
06:31 Ancient of Wind
09:42 Chimaera Roost
09:48 Chimaera Roost
12:06 Moon Well
12:56 Moon Well
14:03 Moon Well
14:58 Moon Well
15:55 Ancient of Lore
16:01 Ancient of Lore
16:42 Ancient of Lore
20:44 Tree of Life
25:51 Tree of Ages
28:44 Ancient of Wonders
29:19 Ancient of Lore
29:25 Ancient of Lore
29:47 Moon Well
29:52 Tree of Eternity
30:23 Moon Well
30:34 Moon Well
30:41 Moon Well
31:20 Moon Well
31:33 Moon Well
31:39 Moon Well
32:20 Ancient Protector
35:10 Tree of Life
» items
| Periapt of Vitality | 4 | |
| Potion of Lesser Invulnerability | 1 | |
| Scroll of Town Portal | 4 | |
9 total
team 2 (winner)

»
Teh_Situation (
teal | 76 APM | 3183 actions | 41:49)
7 Death Knight
3 Death Coil
3 Unholy Aura
1 Animate Dead
6 Dreadlord
3 Vampiric Aura
2 Sleep
1 Inferno
» actions
| Assign group hotkey | 45 | |
| Basic commands | 57 | |
| Build / train | 69 | |
| Enter build submenu | 29 | |
| Enter hero's abilities submenu | 13 | |
| Give item / drop item | 1 | |
| Remove unit from queue | 1 | |
| Right click | 1274 | |
| Select / deselect | 665 | |
| Select group hotkey | 974 | |
| Use ability | 53 | |
3183 total
» units
| Acolyte | 7 | |
| Ghoul | 3 | |
| Crypt Fiend | 9 | |
| Gargoyle | 10 | |
| Frost Wyrm | 5 | |
| Goblin Zeppelin | 1 | |
35 total
» upgrades
| Creature Attack | 3 | |
| Web | 1 | |
| Creature Carapace | 3 | |
| Stone Form | 1 | |
| Burrow | 1 | |
| Unholy Armor | 1 | |
| Freezing Breath | 1 | |
11 total
» buildings
| Crypt | 3 | |
| Altar of Darkness | 1 | |
| Ziggurat | 13 | |
| Graveyard | 2 | |
| Halls of the Dead | 1 | |
| Tomb of Relics | 1 | |
| Nerubian Tower | 1 | |
| Black Citadel | 1 | |
| Sacrificial Pit | 2 | |
| Boneyard | 3 | |
28 total
» build order
00:14 Crypt
00:16 Altar of Darkness
00:35 Ziggurat
00:58 Graveyard
01:27 Ziggurat
02:07 Crypt
03:43 Ziggurat
05:06 Ziggurat
06:56 Halls of the Dead
07:09 Tomb of Relics
07:44 Crypt
07:55 Ziggurat
07:57 Ziggurat
08:47 Ziggurat
08:48 Ziggurat
08:56 Nerubian Tower
09:38 Black Citadel
11:40 Graveyard
15:15 Ziggurat
15:17 Ziggurat
20:58 Sacrificial Pit
21:02 Sacrificial Pit
22:18 Boneyard
22:20 Boneyard
22:24 Boneyard
33:58 Ziggurat
34:00 Ziggurat
34:01 Ziggurat
» items
| Scroll of Town Portal | 3 | |
| Orb of Corruption | 1 | |
4 total
sc2no.wc4yes (
orange | 61 APM | 2566 actions | 41:51)
8 Goblin Alchemist
3 Acid Bomb
3 Chemical Rage
1 Transmute
1 Healing Spray
1 Archmage
1 Brilliance Aura
» actions
| Assign group hotkey | 35 | |
| Basic commands | 55 | |
| Build / train | 138 | |
| ESC pressed | 2 | |
| Enter build submenu | 75 | |
| Enter hero's abilities submenu | 9 | |
| Give item / drop item | 3 | |
| Right click | 1216 | |
| Select / deselect | 346 | |
| Select group hotkey | 369 | |
| Use ability | 318 | |
2566 total
» units
| Peasant | 28 | |
| Goblin Shredder | 3 | |
| Goblin Zeppelin | 4 | |
| Sorceress | 1 | |
| Priest | 1 | |
37 total
» upgrades
| Masonry | 2 | |
| Magic Sentry | 1 | |
| Sorceress Training | 2 | |
| Priest Training | 2 | |
| Swords | 3 | |
| Gunpowder | 3 | |
| Armor | 2 | |
| Plating | 2 | |
| Storm Hammers | 1 | |
| Cloud | 1 | |
| Fragmentation Shards | 1 | |
| Flak Cannons | 1 | |
| Flying Machine Bombs | 1 | |
| Flare | 1 | |
| Barrage | 1 | |
24 total
» buildings
| Altar of Kings | 1 | |
| Farm | 4 | |
| Lumber Mill | 1 | |
| Town Hall | 2 | |
| Scout Tower | 170 | |
| Guard Tower | 49 | |
| Keep | 1 | |
| Arcane Vault | 1 | |
| Castle | 1 | |
| Arcane Sanctum | 1 | |
| Blacksmith | 2 | |
| Gryphon Aviary | 2 | |
| Workshop | 4 | |
| Arcane Tower | 2 | |
241 total
» build order
00:07 Altar of Kings
00:10 Farm
00:59 Lumber Mill
01:03 Farm
02:11 Farm
03:37 Town Hall
04:33 Scout Tower
04:35 Scout Tower
04:52 Scout Tower
05:06 Guard Tower
05:08 Scout Tower
05:10 Scout Tower
05:40 Guard Tower
05:41 Scout Tower
05:42 Scout Tower
05:43 Scout Tower
05:44 Scout Tower
05:57 Keep
06:11 Guard Tower
06:13 Scout Tower
06:15 Scout Tower
06:18 Scout Tower
06:19 Scout Tower
06:54 Guard Tower
06:56 Scout Tower
06:57 Scout Tower
06:58 Scout Tower
07:05 Farm
07:26 Arcane Vault
07:30 Scout Tower
07:30 Scout Tower
07:31 Scout Tower
07:32 Scout Tower
07:33 Scout Tower
07:36 Scout Tower
07:38 Scout Tower
07:41 Scout Tower
07:43 Guard Tower
07:48 Scout Tower
07:49 Scout Tower
07:49 Scout Tower
07:50 Scout Tower
07:52 Guard Tower
07:54 Scout Tower
07:56 Scout Tower
07:56 Scout Tower
07:57 Scout Tower
07:58 Scout Tower
07:59 Scout Tower
08:02 Guard Tower
08:16 Guard Tower
08:23 Castle
08:42 Guard Tower
08:47 Guard Tower
09:02 Arcane Sanctum
09:48 Scout Tower
09:49 Scout Tower
09:50 Scout Tower
09:50 Scout Tower
09:51 Scout Tower
09:53 Scout Tower
09:54 Scout Tower
09:55 Scout Tower
10:08 Guard Tower
10:10 Scout Tower
10:11 Scout Tower
10:12 Scout Tower
10:12 Scout Tower
10:14 Scout Tower
10:15 Scout Tower
10:15 Scout Tower
10:16 Scout Tower
10:18 Guard Tower
10:50 Guard Tower
10:50 Guard Tower
11:04 Guard Tower
11:27 Guard Tower
11:51 Guard Tower
11:53 Guard Tower
11:55 Scout Tower
11:56 Scout Tower
11:57 Scout Tower
11:57 Scout Tower
12:01 Town Hall
12:04 Scout Tower
12:07 Scout Tower
12:08 Scout Tower
12:09 Scout Tower
12:13 Scout Tower
12:14 Scout Tower
12:15 Scout Tower
12:16 Scout Tower
12:17 Scout Tower
12:18 Scout Tower
12:19 Scout Tower
12:20 Scout Tower
12:23 Scout Tower
12:24 Scout Tower
12:25 Scout Tower
12:27 Scout Tower
12:28 Scout Tower
12:29 Scout Tower
12:36 Guard Tower
12:38 Guard Tower
12:40 Scout Tower
12:41 Scout Tower
12:41 Scout Tower
12:42 Scout Tower
13:03 Guard Tower
14:16 Guard Tower
14:18 Scout Tower
14:19 Scout Tower
14:19 Scout Tower
14:20 Scout Tower
15:00 Guard Tower
15:02 Guard Tower
15:03 Guard Tower
15:05 Guard Tower
15:05 Guard Tower
15:09 Scout Tower
15:10 Scout Tower
15:11 Scout Tower
15:12 Scout Tower
15:33 Guard Tower
15:38 Scout Tower
15:39 Scout Tower
15:40 Scout Tower
15:40 Scout Tower
15:42 Scout Tower
15:43 Scout Tower
15:44 Scout Tower
15:46 Scout Tower
16:48 Guard Tower
18:08 Guard Tower
18:14 Guard Tower
18:57 Scout Tower
18:58 Scout Tower
18:58 Scout Tower
18:59 Scout Tower
20:33 Guard Tower
22:09 Scout Tower
22:10 Scout Tower
22:11 Scout Tower
22:11 Scout Tower
22:16 Scout Tower
22:16 Scout Tower
22:17 Scout Tower
22:18 Scout Tower
23:21 Guard Tower
23:49 Guard Tower
24:02 Scout Tower
24:03 Scout Tower
24:04 Scout Tower
24:06 Scout Tower
24:08 Scout Tower
24:10 Scout Tower
25:02 Scout Tower
25:03 Scout Tower
25:03 Scout Tower
25:04 Scout Tower
25:53 Guard Tower
26:21 Guard Tower
26:23 Scout Tower
26:24 Scout Tower
26:25 Scout Tower
26:26 Scout Tower
27:25 Guard Tower
27:30 Blacksmith
27:34 Gryphon Aviary
27:35 Gryphon Aviary
30:19 Workshop
30:19 Workshop
30:20 Workshop
30:20 Workshop
31:27 Scout Tower
31:28 Scout Tower
31:31 Scout Tower
31:32 Scout Tower
31:32 Scout Tower
31:33 Scout Tower
31:33 Scout Tower
31:47 Scout Tower
31:48 Scout Tower
32:15 Guard Tower
32:18 Arcane Tower
32:20 Scout Tower
32:20 Scout Tower
32:27 Arcane Tower
32:29 Scout Tower
32:29 Scout Tower
32:32 Scout Tower
32:32 Scout Tower
32:33 Scout Tower
32:33 Scout Tower
33:33 Scout Tower
34:02 Guard Tower
34:07 Guard Tower
34:08 Scout Tower
34:08 Scout Tower
34:09 Scout Tower
34:09 Scout Tower
34:09 Scout Tower
34:10 Scout Tower
34:10 Scout Tower
34:10 Scout Tower
34:10 Scout Tower
34:11 Scout Tower
34:11 Scout Tower
34:11 Scout Tower
34:11 Scout Tower
34:12 Scout Tower
34:40 Guard Tower
34:45 Guard Tower
34:49 Scout Tower
34:49 Scout Tower
34:50 Scout Tower
34:50 Scout Tower
34:50 Scout Tower
34:50 Scout Tower
34:51 Scout Tower
34:51 Scout Tower
34:51 Scout Tower
34:52 Scout Tower
34:52 Scout Tower
34:52 Scout Tower
34:52 Scout Tower
34:53 Scout Tower
35:56 Guard Tower
35:58 Guard Tower
» items
| Staff of Teleportation | 1 | |
| Circlet of Nobility | 1 | |
| Scroll of Regeneration | 3 | |
| Lesser Clarity Potion | 2 | |
| Ivory Tower | 2 | |
| Orb of Corruption | 1 | |
| Potion of Healing | 1 | |
| Scroll of Town Portal | 1 | |
| Staff of Sanctuary | 1 | |
13 total

»
ZoePound (
pink | 22 APM | 934 actions | 41:49)
5 Mountain King
3 Storm Bolt
2 Bash
5 Paladin
3 Holy Light
2 Divine Shield
» actions
| Assign group hotkey | 44 | |
| Build / train | 102 | |
| ESC pressed | 2 | |
| Enter build submenu | 21 | |
| Enter hero's abilities submenu | 10 | |
| Give item / drop item | 3 | |
| Remove unit from queue | 7 | |
| Right click | 307 | |
| Select / deselect | 221 | |
| Select group hotkey | 170 | |
| Use ability | 47 | |
934 total
» units
| Peasant | 10 | |
| Footman | 5 | |
| Rifleman | 1 | |
| Gryphon Rider | 6 | |
| Siege Engine | 3 | |
| Flying Machine | 21 | |
| Mortar Team | 15 | |
61 total
» upgrades
| Lumber Harvesting | 2 | |
| Storm Hammers | 1 | |
| Swords | 1 | |
| Barrage | 1 | |
| Flak Cannons | 1 | |
| Flying Machine Bombs | 1 | |
| Gunpowder | 3 | |
| Fragmentation Shards | 1 | |
11 total
» buildings
| Altar of Kings | 1 | |
| Farm | 10 | |
| Lumber Mill | 1 | |
| Barracks | 1 | |
| Blacksmith | 1 | |
| Keep | 1 | |
| Castle | 1 | |
| Gryphon Aviary | 2 | |
| Arcane Vault | 1 | |
| Workshop | 2 | |
| Town Hall | 1 | |
22 total
» build order
00:10 Altar of Kings
00:22 Farm
01:01 Farm
01:07 Lumber Mill
01:37 Barracks
01:47 Farm
02:35 Blacksmith
03:06 Keep
04:31 Farm
05:15 Farm
05:37 Castle
05:45 Gryphon Aviary
05:51 Gryphon Aviary
05:58 Farm
07:23 Farm
13:54 Arcane Vault
14:10 Workshop
15:06 Farm
16:40 Town Hall
19:49 Farm
30:45 Workshop
39:18 Farm
» items
| Periapt of Vitality | 2 | |
| Boots of Speed | 2 | |
| Orb of Fire | 2 | |
| Scroll of Regeneration | 1 | |
| Scroll of Town Portal | 2 | |
9 total
Hot_ChocolatE (
red | 52 APM | 2190 actions | 41:49)
4 Archmage
2 Summon Water Elemental
1 Brilliance Aura
1 Blizzard
3 Blood Mage
2 Flame Strike
1 Siphon Mana
» actions
| Assign group hotkey | 28 | |
| Basic commands | 1 | |
| Build / train | 103 | |
| Enter build submenu | 38 | |
| Enter hero's abilities submenu | 7 | |
| Right click | 563 | |
| Select / deselect | 599 | |
| Select group hotkey | 611 | |
| Use ability | 240 | |
2190 total
» units
| Peasant | 17 | |
| Goblin Shredder | 1 | |
| Sorceress | 4 | |
| Dragonhawk Rider | 11 | |
| Gryphon Rider | 5 | |
38 total
» upgrades
| Masonry | 3 | |
| Gunpowder | 1 | |
| Magic Sentry | 1 | |
| Sorceress Training | 2 | |
| Cloud | 1 | |
| Swords | 2 | |
| Armor | 2 | |
| Storm Hammers | 1 | |
13 total
» buildings
| Altar of Kings | 1 | |
| Farm | 14 | |
| Lumber Mill | 2 | |
| Scout Tower | 19 | |
| Guard Tower | 11 | |
| Town Hall | 2 | |
| Keep | 1 | |
| Blacksmith | 1 | |
| Arcane Tower | 4 | |
| Arcane Sanctum | 2 | |
| Workshop | 1 | |
| Arcane Vault | 1 | |
| Gryphon Aviary | 4 | |
| Cannon Tower | 6 | |
| Castle | 1 | |
70 total
» build order
00:17 Altar of Kings
00:19 Farm
00:19 Farm
01:37 Lumber Mill
01:57 Farm
02:35 Scout Tower
02:36 Scout Tower
02:38 Scout Tower
02:43 Scout Tower
03:04 Guard Tower
03:06 Guard Tower
03:23 Scout Tower
03:25 Scout Tower
03:34 Guard Tower
03:45 Scout Tower
03:53 Guard Tower
04:16 Guard Tower
04:19 Guard Tower
04:25 Town Hall
04:54 Lumber Mill
05:10 Scout Tower
05:10 Scout Tower
05:15 Keep
05:42 Blacksmith
06:44 Arcane Tower
07:20 Scout Tower
07:21 Scout Tower
07:22 Scout Tower
07:28 Guard Tower
07:32 Scout Tower
07:33 Scout Tower
07:35 Scout Tower
07:37 Scout Tower
07:58 Scout Tower
08:00 Scout Tower
08:01 Scout Tower
08:08 Guard Tower
08:10 Arcane Sanctum
08:24 Arcane Sanctum
08:31 Workshop
08:36 Arcane Tower
08:41 Guard Tower
08:46 Guard Tower
09:12 Arcane Tower
09:33 Arcane Tower
10:15 Guard Tower
10:18 Arcane Vault
10:33 Gryphon Aviary
10:41 Gryphon Aviary
11:22 Gryphon Aviary
11:42 Cannon Tower
11:44 Cannon Tower
11:45 Cannon Tower
12:03 Castle
12:12 Farm
12:12 Farm
12:14 Farm
12:15 Farm
12:17 Farm
12:42 Cannon Tower
12:59 Cannon Tower
13:31 Cannon Tower
14:13 Gryphon Aviary
14:28 Farm
15:40 Farm
15:44 Farm
18:08 Farm
18:09 Farm
29:47 Town Hall
36:18 Farm
» items
| Ivory Tower | 6 | |
| Staff of Sanctuary | 1 | |
| Scroll of Town Portal | 5 | |
| Orb of Fire | 1 | |
| Potion of Healing | 3 | |
| Scroll of Regeneration | 3 | |
| Potion of Mana | 1 | |
20 total
Chat log
(01:40 / Allies) ZoePound: gryphs here
(04:07 / Allies) Hot_ChocolatE: ty pink
(04:11 / Allies) ZoePound: sure
(06:59 / Allies) Hot_ChocolatE: get aa
(07:02 / Allies) Hot_ChocolatE: get aa
(07:06 / All) ggyy1: die
(07:13 / All) ggyy1: noob
(10:11 / Allies) Hot_ChocolatE: lol
(10:23 / Allies) Hot_ChocolatE: oj
(10:25 / Allies) Hot_ChocolatE: stop make tower
(10:27 / Allies) Hot_ChocolatE: save ur fold
(10:41 / Allies) sc2no.wc4yes: if you are worried about your allies gold
(10:45 / Allies) sc2no.wc4yes: convince pink to get an expo
(10:47 / Allies) sc2no.wc4yes: ill be fine
(10:53 / Allies) Teh_Situation: go pink
(13:12 / Allies) sc2no.wc4yes: lol
(13:25 / Allies) Hot_ChocolatE: oj
(13:26 / Allies) Hot_ChocolatE: get unit
(13:46 / Allies) ZoePound: what units do they have?
(13:50 / Allies) Teh_Situation: all air
(13:54 / Allies) Teh_Situation: orange
(13:57 / Allies) ZoePound: k im going tanks
(13:58 / Allies) Teh_Situation: tank will win this game
(14:38 / Allies) Hot_ChocolatE: gj
(14:41 / Allies) ZoePound: rappeeeeee
(14:42 / Allies) ZoePound: lol
(15:22 / Allies) Teh_Situation: lets hit soon?
(15:43 / Allies) Teh_Situation: pink expo here
(15:48 / Allies) ZoePound: k
(16:05 / Allies) Hot_ChocolatE: lets hit
(16:19 / Allies) Hot_ChocolatE: meet
(16:58 / Allies) ZoePound: wait for tanks
(17:04 / Allies) ZoePound: nvm
(17:05 / Allies) ZoePound: lets go
(17:22 / Allies) sc2no.wc4yes: catch the orc on his own
(17:27 / All) ggyy1: red run
(17:54 / Allies) Hot_ChocolatE: lol
(17:55 / Allies) Hot_ChocolatE: fo
(18:34 / Allies) Teh_Situation: they have morts
(18:36 / Allies) Teh_Situation: so no tanks
(19:29 / Allies) Hot_ChocolatE: main
(19:31 / All) sc2no.wc4yes: only a coward abandons his town
(19:32 / All) sc2no.wc4yes: as it dies
(19:46 / Allies) sc2no.wc4yes: im otu lol
(19:49 / Allies) Hot_ChocolatE: out
(19:57 / Allies) Hot_ChocolatE: wtf
(19:59 / Allies) Hot_ChocolatE: shoud hit maim
(20:02 / Allies) Hot_ChocolatE: wtf pink staying there
(20:07 / Allies) ZoePound: my bad
(20:11 / Allies) ZoePound: i was afk for a sec
(20:12 / Allies) Teh_Situation: your bad!?
(20:14 / Allies) Teh_Situation: god dam
(20:17 / Allies) ZoePound: should i hit yellow
(20:18 / Allies) Teh_Situation: that cost us the game
(20:20 / Allies) sc2no.wc4yes: dont rage were doign fine
(20:21 / Allies) Teh_Situation: no dont
(20:22 / Allies) Teh_Situation: not now
(20:35 / Allies) ZoePound: yea now
(20:37 / Allies) sc2no.wc4yes: they still have to pass a huge tower wall
(20:37 / Allies) ZoePound: they're all up top
(20:38 / Allies) sc2no.wc4yes: to get to us
(20:49 / Allies) Hot_ChocolatE: pink run back if possbile
(20:57 / Allies) sc2no.wc4yes: just tp if you see them
(21:00 / Allies) sc2no.wc4yes: dont wait a second longer
(21:02 / Allies) ZoePound: yep
(21:03 / Allies) sc2no.wc4yes: or theuyll kill everything
(21:16 / Allies) sc2no.wc4yes: he has no top
(21:17 / Allies) sc2no.wc4yes: laffs
(21:24 / Allies) Teh_Situation: b
(21:24 / Allies) Teh_Situation: b
(21:29 / Allies) sc2no.wc4yes: he lost every unit
(21:31 / Allies) Teh_Situation: b
(21:31 / Allies) Teh_Situation: b
(21:33 / Allies) sc2no.wc4yes: there is no way to save them
(21:33 / Allies) sc2no.wc4yes: now
(21:34 / Allies) Teh_Situation: b
(21:35 / Allies) Teh_Situation: out out
(21:36 / Allies) Teh_Situation: out
(21:36 / Allies) sc2no.wc4yes: running wouldnt help
(21:39 / Allies) sc2no.wc4yes: LOL
(21:41 / Allies) sc2no.wc4yes: YOU SAY AOUT
(21:42 / Allies) Hot_ChocolatE: b
(21:44 / Allies) sc2no.wc4yes: AND SEND YOUR HAWKS IN
(21:46 / Allies) sc2no.wc4yes: TO DIE WITH HIM?
(21:58 / Allies) sc2no.wc4yes: just defend the twoer wall
(22:00 / Allies) sc2no.wc4yes: until we are rebuilt
(22:14 / Allies) Hot_ChocolatE: some 1 pls hit upper
(22:20 / Allies) Hot_ChocolatE: they coming
(22:21 / Allies) Hot_ChocolatE: pls copme
(22:34 / Allies) sc2no.wc4yes: dont clog the entrance with your sorc
(22:54 / Allies) Hot_ChocolatE: stop it
(22:55 / Allies) Hot_ChocolatE: wtf
(23:01 / Allies) sc2no.wc4yes: well you didnt read anything i said
(23:02 / Allies) sc2no.wc4yes: had to kill it
(23:34 / Allies) sc2no.wc4yes: get his town fast
(23:55 / Allies) sc2no.wc4yes: get all his wisps
(24:20 / Allies) sc2no.wc4yes: b
(24:20 / Allies) sc2no.wc4yes: b
(25:19 / Allies) Hot_ChocolatE: lets hit together
(25:19 / Allies) Hot_ChocolatE: wtf
(25:31 / Allies) Teh_Situation: im gonna keep chipping away at blue
(25:37 / Allies) sc2no.wc4yes: hit and run is better
(25:40 / Allies) sc2no.wc4yes: as long as they use more tps than us
(25:44 / Allies) sc2no.wc4yes: we would lose a straight up fight
(25:49 / Allies) sc2no.wc4yes: can you please move your tank
(25:59 / Allies) sc2no.wc4yes: ty
(26:17 / Allies) Teh_Situation: tanks at top
(27:49 / Allies) sc2no.wc4yes: care
(27:51 / Allies) Hot_ChocolatE: lol
(27:55 / Allies) Hot_ChocolatE: yellow feed by u
(27:56 / Allies) Hot_ChocolatE: all melee
(28:03 / Allies) Teh_Situation: hit yellow
(28:05 / Allies) Teh_Situation: someone
(28:08 / Allies) Teh_Situation: whil ethey are arup herhje
(28:29 / Allies) sc2no.wc4yes: stay b
(28:29 / Allies) sc2no.wc4yes: b
(28:30 / Allies) sc2no.wc4yes: b
(28:35 / Allies) sc2no.wc4yes: towers arent useful
(28:37 / Allies) sc2no.wc4yes: if u feed them
(28:39 / Allies) sc2no.wc4yes: that far out
(28:42 / Allies) sc2no.wc4yes: wow gyros vs tanks
(28:43 / Allies) sc2no.wc4yes: good one
(29:10 / Allies) sc2no.wc4yes: this is how you do it
(29:12 / Allies) Teh_Situation: gj
(29:14 / Allies) sc2no.wc4yes: keep hitting when they arent there
(29:14 / Allies) Teh_Situation: finally red
(29:15 / Allies) sc2no.wc4yes: tp out now
(29:54 / Allies) sc2no.wc4yes: b
(29:55 / Allies) sc2no.wc4yes: b
(30:16 / Allies) Hot_ChocolatE: fucking shit
(30:52 / Allies) Hot_ChocolatE: thel ack gold
(31:49 / Allies) ZoePound: lumber plz
(31:51 / Allies) sc2no.wc4yes: watch this
(32:04 / Allies) sc2no.wc4yes: got 212 gold
(32:05 / Allies) sc2no.wc4yes: for his bird
(32:39 / Allies) Hot_ChocolatE: go hit
(32:40 / Allies) Hot_ChocolatE: wtf
(32:44 / Allies) Hot_ChocolatE: waiting die?
(32:50 / Allies) sc2no.wc4yes: they are using boats
(34:27 / All) sc2no.wc4yes: i have 13000 gold
(34:34 / Allies) Hot_ChocolatE: fivce me
(35:43 / Allies) Hot_ChocolatE: some 1 go hit uppper
(35:44 / Allies) Hot_ChocolatE: wtf
(35:47 / Allies) Teh_Situation: ok ok
(35:53 / Allies) Teh_Situation: i was trying to save ur base ya know
(36:00 / Allies) Hot_ChocolatE: ty
(36:01 / Allies) Hot_ChocolatE: but no need
(36:06 / Allies) Hot_ChocolatE: oj
(36:07 / Allies) Hot_ChocolatE: gold pls
(36:08 / Allies) Hot_ChocolatE: fast
(36:10 / Allies) sc2no.wc4yes: youre 83 food
(36:13 / Allies) sc2no.wc4yes: 70% of it would get wasted
(36:14 / Allies) sc2no.wc4yes: no thanks
(36:15 / Allies) Hot_ChocolatE: fast
(36:21 / Allies) Hot_ChocolatE: i need it
(36:21 / Allies) sc2no.wc4yes: ask zoepound
(36:23 / Allies) Hot_ChocolatE: or we lose
(36:25 / Allies) Hot_ChocolatE: u don have unit
(36:26 / Allies) Hot_ChocolatE: fast
(36:26 / Allies) sc2no.wc4yes: nah
(36:27 / Allies) sc2no.wc4yes: we won
(36:30 / Allies) sc2no.wc4yes: no matter twhat
(36:32 / Allies) sc2no.wc4yes: im 3/3 on all techs
(36:33 / Allies) Hot_ChocolatE: no
(36:35 / Allies) sc2no.wc4yes: could go 100 food in a minute
(36:37 / Allies) Hot_ChocolatE: pikn
(36:40 / Allies) Hot_ChocolatE: pls gold me
(36:40 / Allies) Hot_ChocolatE: fast
(36:44 / Allies) Hot_ChocolatE: i want 100 fold
(36:45 / Allies) Hot_ChocolatE: fast
(37:12 / Allies) Hot_ChocolatE: pls gokld me
(37:13 / Allies) Hot_ChocolatE: fast
(37:27 / Allies) sc2no.wc4yes: u can take him
(37:57 / Allies) Hot_ChocolatE: plsgold me
(38:05 / Allies) sc2no.wc4yes: SAVE ME
(38:06 / Allies) sc2no.wc4yes: WTF
(38:07 / Allies) sc2no.wc4yes: DONT ABANDON
(38:37 / Allies) sc2no.wc4yes: OK B I FU WANT
(38:38 / Allies) sc2no.wc4yes: I RAN
(38:48 / Allies) Hot_ChocolatE: we lose
(38:49 / Allies) Hot_ChocolatE: wtf
(38:54 / Allies) Hot_ChocolatE: teal can u gold me
(39:01 / Allies) Teh_Situation: go mass mortars
(39:11 / Allies) Hot_ChocolatE: ty
(40:10 / Allies) Teh_Situation: b
(40:48 / All) sc2no.wc4yes: theyre on the run now
(40:49 / All) sc2no.wc4yes: lol
(41:31 / All) sc2no.wc4yes: i have 15000 gold
(41:41 / All) xInFaMoUs187: gg
(41:44 / All) Teh_Situation: gg
(41:48 / All) xInFaMoUs187: blues mass dryads are pro
(41:48 / Allies) Hot_ChocolatE: fuck u